Map: Romanticide LE

Players

DnS

  • Race: Protoss Protoss
  • Spawn Location: 5:00

SKillous - Winner!

  • Race: Protoss Protoss
  • League: Grandmaster
  • Spawn Location: 11:00

Event: DreamHack SC2 Masters 2020 Winter

VOD

Have the link to the VOD?

Description

Time

  • Played on: Oct. 21, 2020, 2:27 p.m.
  • Length: 13:00

All games in this series

Show
View Real Time Build Order
Export as new Build Order

DnS Protoss 

Build Orders: Oracle Opening 

Get SALT Encoding   

  12  0:00  Probe  
  13  0:12  Probe  
  14  0:17  Pylon  
  14  0:25  Probe (Chrono Boost)  
  15  0:37  Gateway, Probe (Chrono Boost)  
  16  0:43  Probe (Chrono Boost)  
  16  0:47  Assimilator  
  17  0:51  Probe  
  17  0:56  Assimilator  
  18  1:03  Probe (Chrono Boost)  
  19  1:08  Gateway  
  19  1:12  Probe (Chrono Boost)  
  19  1:17  Probe (Chrono Boost)  
  20  1:25  Cybernetics Core  
  21  1:29  Probe  
  22  1:34  Pylon  
  22  1:41  Probe  
  23  1:53  Probe  
  24  2:01  Stalker x2, Warp Gate  
  28  2:06  Probe  
  29  2:14  Pylon  
  29  2:23  Pylon  
  29  2:31  Stalker  
  29  2:34  Stalker  
  33  2:43  Stargate  
  33  3:07  Nexus  
  33  3:08  Probe  
  34  3:20  Probe  
  34  3:25  Oracle (Chrono Boost)  
  35  3:31  Pylon  
  35  3:32  Probe  
  39  3:40  Shield Battery  
  39  3:48  Shield Battery  
  39  3:49  Probe  
  44  4:08  Stalker  
  44  4:11  Void Ray (Chrono Boost)  
  44  4:14  Stalker  
  44  4:31  Stalker  
  44  4:33  Probe  
  47  4:45  Stalker  
  43  4:55  Stalker  
  42  5:00  Probe (Chrono Boost)  
  42  5:05  Probe (Chrono Boost)  
  44  5:10  Probe (Chrono Boost)  
  44  5:12  Stalker  
  44  5:13  Probe (Chrono Boost)  
  51  5:15  Probe (Chrono Boost)  
  51  5:18  Twilight Council  
  51  5:21  Sentry  
  51  5:26  Probe (Chrono Boost)  
  53  5:29  Probe (Chrono Boost)  
  54  5:36  Probe (Chrono Boost)  
  54  5:38  Probe (Chrono Boost)  
  56  5:43  Forge  
  56  5:44  Probe (Chrono Boost)  
  56  5:45  Pylon, Probe (Chrono Boost)  
  56  5:46  Phoenix  
  56  5:47  Assimilator  
  57  5:50  Probe  
  57  5:53  Probe  
  57  5:56  Blink (Chrono Boost)  
  59  6:02  Probe  
  60  6:05  Probe  
  60  6:09  Gateway  
  60  6:10  Gateway, Protoss Ground Weapons Level 1 (Chrono Boost)  
  58  6:13  Sentry  
  58  6:15  Probe  
  58  6:16  Stalker  
  64  6:25  Phoenix  
  64  6:27  Probe  
  64  6:28  Nexus  
  64  6:30  Probe  
  65  6:35  Pylon  
  65  6:39  Probe  
  66  6:42  Robotics Facility, Probe  
  67  6:51  Stalker, Probe  
  70  6:54  Probe  
  70  6:59  Shield Battery  
  71  7:03  Stalker x2, Probe  
  71  7:06  Probe  
  77  7:11  Pylon  
  77  7:15  Pylon, Probe  
  78  7:19  Pylon  
  78  7:27  Probe x2  
  78  7:28  Stalker  
  78  7:29  Stalker  
  82  7:33  Stalker x2  
  82  7:39  Probe  
  82  7:40  Probe x2  
  85  7:49  Observer  
  86  7:52  Charge, Probe  
  86  7:53  Gateway  
  86  7:54  Gateway  
  86  7:55  Stalker x2  
  86  7:56  Stalker  
  93  8:01  Stalker  
  93  8:04  Probe x2  
  93  8:05  Assimilator  
  97  8:06  Assimilator, Probe  
  98  8:14  Pylon  
  98  8:15  Observer  
  98  8:17  Probe  
  99  8:23  Stalker  
  99  8:24  Stalker  
  99  8:25  Probe x2  
  105  8:30  Gateway x2, Phoenix  
  105  8:33  Pylon  
  105  8:35  Stalker, Protoss Ground Weapons Level 2 (Chrono Boost)  
  105  8:40  Assimilator  
  107  8:46  Stalker  
  109  8:50  Probe x2  
  110  8:59  Robotics Bay  
  110  9:03  Robotics Facility  
  110  9:07  Zealot x5  
  120  9:12  Pylon  
  120  9:15  Photon Cannon  
  120  9:18  Observer  
  121  9:25  Nexus  
  121  9:28  Pylon  
  121  9:42  Zealot x2  
  121  9:43  Zealot x6  
  137  9:47  Disruptor (Chrono Boost)  
  140  9:58  Disruptor (Chrono Boost)  
  143  10:07  Nexus  
  139  10:10  Pylon  
  129  10:18  Zealot  
  129  10:20  Disruptor (Chrono Boost)  
  131  10:23  Stalker x3  
  140  10:28  Pylon  
  140  10:29  Disruptor (Chrono Boost)  
  140  10:30  Pylon  
  140  10:31  Pylon  
  143  10:40  Pylon  
  143  10:42  Stalker x3  
  149  10:46  Probe x2  
  149  10:47  Probe  
  152  10:52  Disruptor (Chrono Boost)  
  152  10:56  Sentry  
  157  10:58  Probe  
  157  11:00  Photon Cannon  
  157  11:01  Photon Cannon  
  158  11:14  Zealot x3  
  158  11:16  Gravitic Boosters  
  162  11:22  Stalker x2  
  149  11:34  Stalker x3  
  121  11:42  Stalker  
  110  11:56  Sentry  
Show
View Real Time Build Order
Export as new Build Order

SKillous Protoss - Winner!

Build Orders: Oracle Opening 

Get SALT Encoding   

  12  0:00  Probe  
  13  0:12  Probe  
  14  0:17  Pylon  
  14  0:24  Probe  
  15  0:36  Probe (Chrono Boost)  
  15  0:37  Gateway  
  16  0:47  Assimilator  
  16  0:48  Probe (Chrono Boost)  
  17  0:52  Probe (Chrono Boost)  
  17  0:55  Assimilator  
  18  1:03  Probe (Chrono Boost)  
  20  1:12  Gateway, Probe (Chrono Boost)  
  20  1:17  Probe (Chrono Boost)  
  20  1:24  Cybernetics Core  
  21  1:29  Probe  
  22  1:36  Pylon  
  22  1:41  Probe  
  23  1:54  Probe  
  24  2:01  Stalker x2  
  28  2:02  Warp Gate  
  28  2:15  Pylon  
  28  2:26  Pylon  
  28  2:31  Stalker  
  28  2:33  Stalker  
  32  2:40  Stargate  
  32  3:04  Nexus  
  32  3:09  Probe  
  33  3:17  Void Ray (Chrono Boost)  
  33  3:21  Probe  
  38  3:30  Pylon  
  38  3:33  Probe  
  39  3:42  Shield Battery  
  39  3:50  Oracle (Chrono Boost)  
  43  3:56  Stalker  
  44  4:06  Stalker  
  44  4:08  Probe  
  47  4:17  Twilight Council  
  45  4:26  Stalker  
  43  4:31  Probe (Chrono Boost)  
  43  4:32  Probe (Chrono Boost)  
  45  4:44  Probe x2 (Chrono Boost)  
  47  4:51  Probe  
  46  4:54  Probe  
  41  5:00  Blink  
  41  5:03  Probe  
  41  5:06  Probe  
  43  5:11  Stalker  
  45  5:15  Probe (Chrono Boost)  
  45  5:17  Stalker  
  49  5:25  Probe (Chrono Boost)  
  49  5:26  Probe (Chrono Boost)  
  50  5:33  Probe (Chrono Boost)  
  50  5:35  Probe (Chrono Boost)  
  52  5:38  Probe (Chrono Boost)  
  53  5:44  Probe  
  53  5:45  Forge  
  54  5:50  Stalker x2, Probe  
  54  5:55  Pylon  
  54  5:56  Probe  
  60  6:02  Probe  
  60  6:03  Protoss Ground Weapons Level 1 (Chrono Boost)  
  61  6:07  Assimilator  
  61  6:08  Probe  
  62  6:14  Probe  
  63  6:20  Probe  
  63  6:23  Nexus  
  64  6:26  Probe  
  64  6:27  Pylon  
  66  6:35  Stalker  
  66  6:36  Stalker  
  66  6:39  Pylon  
  69  6:40  Probe  
  69  6:45  Probe  
  71  6:54  Probe  
  71  6:57  Probe  
  71  6:58  Gateway  
  73  7:04  Stalker x2  
  73  7:06  Probe  
  78  7:09  Pylon, Probe  
  78  7:14  Gateway  
  79  7:18  Probe  
  79  7:21  Probe  
  79  7:31  Probe (Chrono Boost)  
  79  7:35  Probe (Chrono Boost)  
  79  7:37  Stalker x2  
  79  7:42  Assimilator  
  84  7:44  Probe (Chrono Boost)  
  84  7:48  Gateway, Probe x2 (Chrono Boost)  
  86  7:52  Probe  
  86  7:53  Gateway  
  86  7:55  Protoss Ground Weapons Level 2 (Chrono Boost)  
  86  7:56  Photon Cannon  
  87  7:58  Stalker, Shield Battery  
  87  8:01  Stalker  
  87  8:03  Stalker  
  93  8:09  Gateway  
  93  8:13  Robotics Facility  
  93  8:21  Photon Cannon  
  93  8:23  Shield Battery, Probe  
  93  8:25  Gateway  
  94  8:28  Charge, Pylon  
  94  8:30  Sentry  
  94  8:31  Sentry  
  94  8:32  Pylon  
  98  8:34  Photon Cannon  
  98  8:36  Probe  
  98  8:40  Probe  
  98  8:41  Assimilator  
  100  8:47  Stalker  
  100  8:48  Stalker x2  
  103  8:51  Stalker  
  105  9:00  Observer (Chrono Boost)  
  105  9:02  Nexus  
  106  9:04  Pylon  
  106  9:10  Probe x2  
  106  9:13  Stalker, Dark Shrine  
  106  9:14  Probe  
  111  9:17  Observer  
  111  9:22  Probe  
  113  9:27  Stalker x3, Shield Battery  
  119  9:32  Stalker  
  119  9:34  Stalker  
  123  9:41  Observer (Chrono Boost)  
  124  9:47  Zealot x2  
  124  9:49  Pylon  
  126  9:56  Stalker x4  
  126  9:58  Pylon  
  132  10:04  Pylon  
  132  10:05  Protoss Ground Weapons Level 3 (Chrono Boost)  
  131  10:15  Stalker x3  
  131  10:17  Observer  
  131  10:19  Probe x2  
  140  10:21  Photon Cannon  
  140  10:24  Stalker  
  142  10:31  Assimilator  
  142  10:33  Dark Templar x2  
  142  10:35  Probe  
  147  10:40  Probe x2  
  147  10:41  Shadow Stride (Chrono Boost), Probe  
  150  10:47  Probe  
  150  10:49  Stalker x2  
  153  10:51  Zealot x3  
  159  10:57  Probe  
  159  11:02  Probe x2  
  159  11:03  Probe  
  159  11:15  Zealot x3  
  159  11:17  Nexus  
  159  11:18  Pylon  
  163  11:20  Pylon  
  163  11:22  Pylon  
  163  11:23  Pylon  
  143  11:36  Dark Templar x6  
  143  11:38  Zealot  
  128  11:54  Nexus  
  128  11:55  Pylon  
  120  12:14  Zealot x3  
Tags
 
Add a new tag
Caveats
  • Supply blocks, unpowered buildings, or Contaminate may cause inaccurate times.
  • Supply counts are checked every 10 seconds.